 Dungeon Crawl Stone Soup version 0.17.1-3-g152610e (webtiles) character file.

9641 theElss the Basher (level 11, -1/66 HPs)
             Began as a Gargoyle Berserker on Feb 22, 2016.
             Was a High Priest of Trog.
             Slain by an unseen horror (6 damage)
             ... on level 11 of the Dungeon.
             The game lasted 00:29:49 (9594 turns).

theElss the Basher (Gargoyle Berserker)             Turns: 9594, Time: 00:29:50

Health: -1/66      AC: 19    Str: 22    XL:     11   Next: 49%
Magic:  11/11      EV:  9    Int:  9    God:    Trog [*****.]
Gold:   672        SH: 11    Dex: 10    Spells: 0 memorised, 10 levels left

rFire  . . .     SeeInvis .     J - +4 whip (venom)
rCold  + + .     Clarity  +     e - +0 ring mail
rNeg   + . .     SustAt   .     m - +1 shield {rC+}
rPois  ∞         Gourm    .     y - +0 helmet
rElec  +         Spirit   .     M - +1 cloak
rCorr  .         Warding  .     (no gloves)
rMut   .         Stasis   .     I - +0 pair of boots
MR     .....                    T - amulet of clarity
Stlth  ..........               v - +1 ring of protection
                                E - ring of protection from cold

@: not resistant to hostile enchantments, extremely unstealthy
A: negative energy resistance 1, electricity resistance, unbreathing,
petrification resistance, rot immunity, AC +7
a: Berserk, Trog's Hand, Brothers in Arms, Burn Spellbooks, Renounce Religion


You were on level 11 of the Dungeon.
You worshipped Trog.
Trog was extremely pleased with you.
You were not hungry.

You visited 1 branch of the dungeon, and saw 11 of its levels.

You collected 672 gold pieces.

Inventory:

Hand Weapons
 G - a +2 morningstar of protection
 J - a +4 whip of venom (weapon)
 P - a +2 great mace of protection
 X - a +1 flail of protection
Armour
 e - a +0 ring mail (worn)
 m - a +1 shield of cold resistance (worn)
 y - a +0 helmet (worn)
 I - a +0 pair of boots (worn)
 M - a +1 cloak (worn)
 W - a +0 large shield
Jewellery
 j - an uncursed ring of magical power
 v - a +1 ring of protection (right hand)
 E - a ring of protection from cold (left hand)
 T - an amulet of clarity (around neck)
Wands
 a - a wand of cold (1)
 b - a wand of random effects (28)
 u - a wand of magic darts (40)
 H - a wand of disintegration (9)
Scrolls
 d - 4 scrolls of teleportation
 h - 3 scrolls of recharging {unknown}
 n - 3 scrolls of enchant weapon
 o - 5 scrolls of remove curse {unknown}
 q - 4 scrolls of amnesia {unknown}
 s - 4 scrolls of blinking {unknown}
 w - a scroll of enchant armour {unknown}
 B - a scroll of fog {unknown}
 D - 3 scrolls of noise {unknown}
 F - a scroll of identify
 K - 2 scrolls of immolation {unknown}
 L - 2 scrolls of magic mapping {unknown}
 Q - a scroll of fear {unknown}
 U - a scroll of summoning {unknown}
Potions
 f - 3 potions of magic
 g - 4 potions of agility
 i - 3 potions of brilliance
 k - 2 potions of poison
 l - a potion of resistance
 p - a potion of ambrosia
 x - 6 potions of curing
 z - 3 potions of heal wounds
 C - 2 potions of haste
 V - a potion of cure mutation {unknown}
Books
 O - a book of Fire

   Spells                             Type                      Level
   a - Ignite Poison                  Fire/Transmutation/Poison    3
   b - Fireball                       Conjuration/Fire             5
   c - Bolt of Fire                   Conjuration/Fire             6
   d - Delayed Fireball               Conjuration/Fire             7
   e - Ring of Flames                 Charms/Fire                  7
   Trog disapproves of the use of such an item.
 S - a book of Hinderance

   Spells                             Type                      Level
   a - Confusing Touch                Hexes                        2
   b - Confuse                        Hexes                        3
   c - Gell's Gravitas                Hexes/Translocation          3
   d - Petrify                        Transmutation/Earth          4
   e - Metabolic Englaciation         Hexes/Ice                    5
   Trog disapproves of the use of such an item.
Miscellaneous
 R - a stone of tremors
Comestibles
 c - 4 bread rations
 r - 2 beef jerkies
 t - 5 meat rations
 A - 2 fruits
 N - 7 royal jellies


   Skills:
 - Level 6.6 Fighting
 + Level 14.8 Maces & Flails
 - Level 5.3 Armour
 - Level 1.5 Dodging
 - Level 6.2 Shields


You had 10 spell levels left.
You didn't know any spells.

Dungeon Overview and Level Annotations

Branches:
Dungeon (11/15)            Temple (0/1) D:6             Orc (0/4) D:10
   Lair: D:8-11

Altars:
Ashenzari
Elyvilon
Kikubaaqudgha
Makhleb
Nemelex Xobeh
Ru
Sif Muna
The Shining One
Beogh

Shops:
D:7 (   D:9 %

Portals:
Trove: D:10 (give wand of heal wounds (8))


Innate Abilities, Weirdness & Mutations

You are resistant to torment.
Your stone body is resilient (AC +7).
You are immune to poison.
You resist negative energy.
You are resistant to electric shocks.
You can survive without breathing.
You are immune to petrification.
You are immune to rotting.


Message History

You see here a sky beast corpse.
Something hits you but does no damage. Something hits you.
Found a scroll of teleportation.
You hit something. Something hits you! Something hits you!
* * * LOW HITPOINT WARNING * * *
Something hits you!
* * * LOW HITPOINT WARNING * * *
Something hits you.
* * * LOW HITPOINT WARNING * * *
A redback zombie comes into view.
Something hits you but does no damage.
You see here a potion of agility.
Something hits you!
* * * LOW HITPOINT WARNING * * *
Something hits you but does no damage. You block its attack.
Something completely misses you. Something hits you but does no damage.
Something hits you.
You die...

#..######################..#
#......>...
....?..........######
#..........
.................<.
#..########
#.......Z......... #..# #.Z#
######.. #..# #..# #.. #..#
#..# #.. #..# #..# #..
#..#############@.#######
#..
#..[†............†...$...
.<.
#.....................$..
...
#......$.................
#.####################..# #.
.# #. # #. #.


You could see a redback zombie.

Vanquished Creatures
  A skeletal warrior (D:8)
  An unseen horror (D:8)
  A hill giant (D:9)
  A gargoyle (D:8)
  A queen bee (D:8)
  3 trolls
  A shadow (D:9)
  A wyvern (D:9)
  A steam dragon (D:9)
  A deep elf mage (D:10)
  5 yaks (D:11)
  A vampire mosquito (D:9)
  4 sky beasts
  3 orc warriors (D:10)
  2 black bears
  2 ogres
  A phantom (D:7)
  3 centaurs
  6 ice beasts
  8 giant frogs
  7 big kobolds (D:8)
  2 water moccasin zombies (D:6)
  A wyvern skeleton (D:9)
  2 scorpions
  23 killer bees
  A crimson imp (D:9)
  A giant frog skeleton (D:9)
  A giant frog zombie (D:8)
  A centaur zombie (D:6)
  4 orc priests (D:10)
  A jelly (D:6)
  3 orc wizards
  7 hounds
  4 iguanas
  2 gnoll shamans (D:9)
  8 worker ants
  A killer bee zombie (D:10)
  A hound zombie (D:5)
  A hound skeleton (D:10)
  13 gnolls
  17 adders
  A shadow imp (D:8)
  An adder zombie (D:8)
  8 worms
  An adder skeleton (D:8)
  26 orcs
  11 bats
  A bat zombie (D:3)
  6 giant cockroaches
  4 hobgoblins
  13 kobolds
  10 quokkas
  3 ball pythons
  A giant cockroach zombie (D:5)
  7 giant geckos
  A giant gecko skeleton (D:8)
  8 giant newts
  8 goblins
  26 jackals
  A jackal skeleton (D:5)
  A quokka zombie (D:8)
  7 rats
  2 rat zombies (D:3)
295 creatures vanquished.

Vanquished Creatures (others)
  2 orc wizards
2 creatures vanquished.

Grand Total: 297 creatures vanquished

Notes
Turn   | Place    | Note
--------------------------------------------------------------
     0 | D:1      | theElss the Gargoyle Berserker began the quest for the Orb.
     0 | D:1      | Reached XP level 1. HP: 14/14 MP: 1/1
    12 | D:1      | Reached XP level 2. HP: 19/19 MP: 2/2
   266 | D:1      | Reached XP level 3. HP: 24/24 MP: 3/3
   292 | D:1      | Reached ** piety under Trog
   563 | D:2      | Reached skill level 4 in Fighting
   911 | D:2      | Reached XP level 4. HP: 29/29 MP: 4/4
  1088 | D:2      | Reached skill level 1 in Shields
  1145 | D:2      | Reached *** piety under Trog
  1492 | D:2      | Reached XP level 5. HP: 31/33 MP: 5/5
  1822 | D:3      | Found an ancient bone altar of Kikubaaqudgha.
  2095 | D:3      | Found a sparkling altar of Nemelex Xobeh.
  2113 | D:3      | Found a white marble altar of Elyvilon.
  2462 | D:3      | Found a deep blue altar of Sif Muna.
  2552 | D:4      | Reached **** piety under Trog
  2605 | D:4      | Reached XP level 6. HP: 29/39 MP: 6/6
  3209 | D:5      | Entered Level 5 of the Dungeon
  3297 | D:5      | Reached skill level 5 in Maces & Flails
  3357 | D:5      | Found a shattered altar of Ashenzari.
  3443 | D:5      | Reached XP level 7. HP: 27/44 MP: 7/7
  3490 | D:5      | Reached skill level 5 in Fighting
  3568 | D:5      | Found a sacrificial altar of Ru.
  3797 | D:6      | Found a staircase to the Ecumenical Temple.
  4573 | D:6      | Reached skill level 5 in Shields
  4573 | D:6      | Reached XP level 8. HP: 43/50 MP: 8/8
  4854 | D:7      | Reached skill level 5 in Armour
  4868 | D:7      | Found a burning altar of Makhleb.
  4982 | D:7      | Reached skill level 6 in Fighting
  5385 | D:7      | Found Hiloy's Antique Weapon Emporium.
  5465 | D:8      | Noticed a queen bee
  5466 | D:8      | Reached skill level 7 in Maces & Flails
  5466 | D:8      | Reached XP level 9. HP: 56/56 MP: 9/9
  5473 | D:8      | Received a gift from Trog
  5499 | D:8      | Reached skill level 8 in Maces & Flails
  5560 | D:8      | Reached skill level 9 in Maces & Flails
  5598 | D:8      | Reached ***** piety under Trog
  5621 | D:8      | Killed a queen bee
  5859 | D:8      | Reached skill level 10 in Maces & Flails
  5984 | D:8      | Noticed a gargoyle
  6017 | D:8      | Killed a gargoyle
  6017 | D:8      | Reached skill level 11 in Maces & Flails
  6017 | D:8      | Reached XP level 10. HP: 61/61 MP: 10/10
  6098 | D:8      | Noticed a skeletal warrior
  6167 | D:8      | Killed a skeletal warrior
  6241 | D:8      | Killed an unseen horror
  6241 | D:8      | Reached skill level 12 in Maces & Flails
  6622 | D:8      | Received a gift from Trog
  7006 | D:9      | Found Hagih's Food Boutique.
  7236 | D:9      | Reached skill level 13 in Maces & Flails
  7415 | D:9      | Reached XP level 11. HP: 25/66 MP: 11/11
  7911 | D:9      | Found a glowing golden altar of the Shining One.
  8138 | D:9      | Noticed a hill giant
  8195 | D:9      | Killed a hill giant
  8195 | D:9      | Reached skill level 14 in Maces & Flails
  8262 | D:10     | Entered Level 10 of the Dungeon
  8649 | D:10     | Found a staircase to the Orcish Mines.
  8802 | D:10     | Found a roughly hewn altar of Beogh.
  8926 | D:10     | Found a portal to a secret trove of treasure.
  9192 | D:10     | You fall through a shaft!
  9594 | D:11     | Slain by an unseen horror

Action                   |  1- 3 |  4- 6 |  7- 9 | 10-12 || total
-------------------------+-------+-------+-------+-------++-------
Melee: Mace              |   107 |   313 |   113 |       ||   533
       Morningstar       |       |       |   306 |    38 ||   344
       Flail             |       |       |    16 |       ||    16
       Whip              |       |       |       |   505 ||   505
Invok: Berserk           |     3 |       |     4 |     4 ||    11
  Use: Scroll            |       |     5 |     4 |     2 ||    11
       Potion            |       |       |     2 |       ||     2
  Eat: Chunk             |     2 |    10 |    10 |    16 ||    38
       Fruit             |       |       |     1 |     1 ||     2
       Beef jerky        |       |       |     1 |       ||     1
